 Dungeon Crawl Stone Soup version 0.22-a0-392-g5dc3fd9 (webtiles) character file.

246 KristoblXynda the Sneak (level 5, 0/24 HPs)
             Began as a Spriggan Enchanter on May 2, 2018.
             Succumbed to an adder's poison
             ... on level 2 of the Dungeon.
             The game lasted 00:04:49 (2266 turns).

KristoblXynda the Sneak (Spriggan Enchanter)        Turns: 2266, Time: 00:04:50

Health: 0/24       AC:  2    Str:  5    XL:     5   Next: 84%
Magic:  13/13      EV: 18    Int: 17    God:
Gold:   97         SH:  0    Dex: 16    Spells: 7/13 levels left

rFire    . . .     SeeInvis +   g - +2 dagger (venom)
rCold    . . .     Gourm    .   (shield restricted)
rNeg     . . .     Faith    .   b - +0 robe
rPois    .         Spirit   .   (helmet restricted)
rElec    .         Reflect  .   (no cloak)
rCorr    .         Harm     .   (gloves unavailable)
MR       .....                  (boots unavailable)
Stlth    ++++......             (no amulet)
HPRegen  0.08/turn              (no ring)
MPRegen  0.13/turn              (no ring)

@: lethally poisoned (0 -> -3), flying, very quick
A: very small, unfitting armour, see invisible, herbivore, speed 3, slow
metabolism 2
a: no special abilities


You were on level 2 of the Dungeon.
You were full.

You visited 1 branch of the dungeon, and saw 2 of its levels.

You collected 97 gold pieces.

Inventory:

Hand Weapons
 g - a +2 dagger of venom (weapon)
Armour
 b - a +0 robe (worn)
Scrolls
 a - a scroll of remove curse {unknown}
 c - a scroll of enchant weapon {unknown}
 f - 2 scrolls of identify {unknown}
 h - a scroll of fog {unknown}
 i - 2 scrolls of teleportation {unknown}
Potions
 e - 2 potions of flight


   Skills:
 - Level 1.1 Short Blades
 - Level 3.0 Dodging
 + Level 6.9 Stealth
 + Level 4.8 Spellcasting
 + Level 5.4 Hexes


You had 7 spell levels left.
You knew the following spells:

 Your Spells              Type           Power        Failure   Level  Hunger
a - Corona                Hex            ###....      1%          1    None
b - Ensorcelled Hibernat  Hex/Ice        ##....       7%          2    #......
c - Confuse               Hex            ###.....     4%          3    ###....


Dungeon Overview and Level Annotations

Branches:
Dungeon (2/15)

Altars:


Innate Abilities, Weirdness & Mutations

You are very small and have problems with some larger weapons.
You are too small for most types of armour.
You have supernaturally acute eyesight. (SInv)
You are a herbivore.
You cover ground extremely quickly.
You need to consume almost no food.


Message History

* * * LOW HITPOINT WARNING * * *
You feel sick.
You eat one of the 2 rations.
That ration really hit the spot!
Unknown command.
* * * LOW HITPOINT WARNING * * *
You feel sick.
You kill the adder!
You eat the ration.
That ration really hit the spot!
* * * LOW HITPOINT WARNING * * *
You feel sick.
There is a lethal amount of poison in your body!
* * * LOW HITPOINT WARNING * * *
You feel sick.
* * * LOW HITPOINT WARNING * * *
You feel sick.
* * * LOW HITPOINT WARNING * * *
You feel sick.
* * * LOW HITPOINT WARNING * * *
You feel sick.
You die...

## #. #. ####. ###
#.... #######.##
##.##.
.........###########
#.....
#####..)........@..#
#.####
...##....#########.#
#.# ##.......# #.#
#.# #####.#.## ###[#
#.# # #.#.# #...#
#.#### #####.#'##
#.### #.....
......)..## #.#
####.# #####.....#
#.## #.# ##.......#
#..## ##.#


There were no monsters in sight!

Vanquished Creatures
  Sigmund (D:2)
  Jessica (D:2)
  2 adders (D:2)
  An ooze (D:1)
  A worm (D:2)
  2 dart slugs (D:1)
  2 leopard geckos
  4 giant cockroaches
  3 goblins
  8 hobgoblins
  2 bats (D:1)
  4 frilled lizards
  3 kobolds (D:1)
  2 rats (D:1)
36 creatures vanquished.

Notes
Turn   | Place    | Note
-------+----------+-------------------------------------------
     0 | D:1      | KristoblXynda the Spriggan Enchanter began the quest for the Orb.
     0 | D:1      | Reached XP level 1. HP: 9/9 MP: 5/5
   458 | D:1      | Reached XP level 2. HP: 4/13 MP: 4/7
   671 | D:1      | Learned a level 2 spell: Ensorcelled Hibernation
   735 | D:1      | Reached skill level 5 in Stealth
  1152 | D:1      | Reached XP level 3. HP: 15/16 MP: 8/8
  1157 | D:1      | Learned a level 3 spell: Confuse
  1733 | D:2      | Noticed Jessica
  1747 | D:2      | Killed Jessica
  2026 | D:2      | Reached XP level 4. HP: 21/21 MP: 10/10
  2176 | D:2      | Noticed Sigmund
  2186 | D:2      | Killed Sigmund
  2186 | D:2      | Reached skill level 6 in Stealth
  2186 | D:2      | Reached skill level 5 in Hexes
  2186 | D:2      | Reached XP level 5. HP: 24/24 MP: 9/13
  2253 | D:2      | HP: 1/24 [poisoned by an adder]
  2259 | D:2      | HP: 1/24 [poisoned by an adder]
  2266 | D:2      | Succumbed to an adder's poison

Vault maps used:
D:1:      giann_forest_graveyard
D:2:      uniq_jessica, uniq_sigmund

Skill      XL: |  1  2  3  4 |
---------------+-------------+-----
Spellcasting   | 3 4 |  4.8
Hexes          | 4 5 |  5.4
Stealth        | 5 6 |  6.9
Short Blades   | |  1.1
Dodging        | |  3.0

Action                   |  1- 3 |  4- 6 || total
-------------------------+-------+-------++-------
Melee: Dagger            |   103 |    15 ||   118
 Cast: Corona            |     4 |       ||     4
       Ensorcelled Hiber |     7 |     1 ||     8
  Use: Potion            |       |     1 ||     1
 Stab: Sleeping          |    12 |     3 ||    15
  Eat: Ration            |       |     2 ||     2
Armor: Robe              |     5 |     1 ||     6
Dodge: Dodged            |    74 |     9 ||    83

Table legend:
 A = Spawn XP
 B = Non-spawn XP
 C = Spawn XP percentage of total XP
 D = Spawn monster count
 E = Non-spawn monster count
 F = Spawn count percentage of total count
 G = Total turns spent on level
                    A         B        C        D         E        F      G
               +---------+---------+-------+---------+---------+-------+---------
         Total |       0 |     352 |   0.0 |       0 |      36 |   0.0 |  2266
               +---------+---------+-------+---------+---------+-------+---------
           D:1 |       0 |      51 |   0.0 |       0 |      25 |   0.0 |  1663
           D:2 |       0 |     301 |   0.0 |       0 |      11 |   0.0 |   603
               +---------+---------+-------+---------+---------+-------+---------
